AoeStats
← Sido

Arabia

509110000Analyzed
1v1 RM · 8d ago on Sep 25, 2026· 41m 26s· 2 players
Game mode
Random Map
Map size
Tiny (2 player)
Population
200
Speed
Normal
Resources
Standard
Victory
Conquest
Starting age
Dark Age
Ending age
Imperial Age
RankedLock teamsTeams togetherTeam positionsShared explorationLock speedFull tech treeHidden civsTurbo modeCheats
Victory
Defeat
🇬🇧 Varangians · United Kingdom
819
+17
🇺🇸 Byzantines · United States
850
-17
Sido
10:23 Feudal Age
9:00 Loom
13:56 Bloodlines
16:15 Castle Age
15:53 Gold Mining
17:14 Bloodlines
22:31 Pikeman
23:45 Double-Bit Axe
32:32 Imperial Age
31:18 Scale Barding Armor
31:14 Scale Mail Armor
34:33 Capped Ram
boobers420
6:10 Loom
12:20 Feudal Age
13:54 Double-Bit Axe
15:12 Horse Collar
18:03 Castle Age
19:07 Scale Barding Armor
21:02 Bow Saw
21:40 Heavy Plow
23:38 Gold Mining
23:54 Husbandry
30:53 Imperial Age
29:58 Devotion
30:46 Redemption
32:13 Block Printing
32:27 Illumination
34:14 Chemistry
Connection lost

Rejoining the realm…

Still unreachable

The connection could not be restored.

Session expired

The server has moved on; the page needs a fresh start.